 Dungeon Crawl Stone Soup version 0.32-a0-859-gb0a091d592 (webtiles) character file.

Game seed: 1108340719885787155

215 backslashecho the Slasher (level 5, -2/41 HPs)
             Began as a Merfolk Warper on Mar 27, 2024.
             Killed from afar by an orc wizard (4 damage)
             ... with a puff of flame
             ... on level 3 of the Dungeon.
             The game lasted 00:09:11 (2563 turns).

backslashecho the Slasher (Merfolk Warper)          Turns: 2563, Time: 00:09:12

Health: -2/41      AC:  3    Str: 12    XL:     5   Next: 92%
Magic:  8/8        EV: 12    Int: 12    God:
Gold:   142        SH:  0    Dex: 15    Spells: 8/8 levels left

rFire   . . .        a - +0 falchion
rCold   . . .        (no shield)
rNeg    . . .        b - +0 leather armour
rPois   .            (no helmet)
rElec   .            (no cloak)
rCorr   .            (no gloves)
SInv    .            (no boots)
Will    +....        g - amulet of faith
Stlth   +            r - ring of flight
HPRegen 0.26/turn    (no ring)
MPRegen 0.11/turn

%: faith
@: mighty, enlightened, flying
A: (nimble swimmer 2), mertail
a: no special abilities


You were on level 3 of the Dungeon.
You visited 1 branch of the dungeon, and saw 4 of its levels.

You collected 142 gold pieces.

Inventory:

Hand Weapons
 a - a +0 falchion (weapon)
Missiles
 d - 5 darts of dispersal (quivered)
Armour
 b - a +0 leather armour (worn)
Jewellery
 g - an amulet of faith (around neck)
 r - a ring of flight (left hand)
Wands
 e - a wand of paralysis (11)
 q - a wand of mindburst (13)
Scrolls
 c - a scroll of blinking
 f - a scroll of brand weapon {unknown}
 h - a scroll of fear {unknown}
 i - a scroll of enchant armour {unknown}
 l - a scroll of amnesia {unknown}
 m - 2 scrolls of poison {unknown}
 n - 2 scrolls of teleportation {unknown}
Potions
 o - 2 potions of resistance


   Skills:
 + Level 3.6 Fighting
 * Level 5.3 Long Blades
 - Level 1.0 Throwing
 - Level 1.0 Armour
 + Level 4.4 Dodging
 - Level 2.0 Spellcasting
 - Level 2.4 Translocations


You had 8 spell levels left.
You didn't know any spells.
Your spell library contained the following spells:

 Spells                   Type           Power      Damage    Failure   Level
 Blink                    Tloc           12%        N/A       21%         2
 Lesser Beckoning         Tloc           12%        N/A       21%         2
 Teleport Other           Tloc           6%         N/A       36%         3
 Vhi's Electric Charge    Tloc/Air       8%         N/A       91%         4
 Maxwell's Portable Pile  Tloc           Unusable   2d(6-11)  N/A         4

Dungeon Overview and Level Annotations

Branches:
Dungeon (4/15)
 Temple: D:4-7

Altars:
Ashenzari
Gozag
Kikubaaqudgha

Shops:
D:1 ?

Annotations:
D:2 Robin, Sigmund


Innate Abilities, Weirdness & Mutations

((You are very nimble when in or above water. (Stealth+, EV+, Speed+++)))
Your lower body shifts to a powerful aquatic tail in water.


Message History

You barely miss the adder.
The adder is almost dead.
The adder bites you.
You take 1 damage, and have 36/41 hp.
You hit the adder.
You kill the adder!
n - 2 scrolls labelled DECHAM KOMIFUAT (gained 1)
Found a club.
Health restored: 41 You now have 142 gold pieces (gained 2).
You reach down and open the door.
Found a stone staircase leading up.
There is an opulent altar of Gozag here.
There is a large open door here.
There is a large open door here.
There is an open door here.
You see here 2 stones.
There is an escape hatch in the ceiling here.
Done exploring.
Done exploring.
Done exploring.
Things that are here:
a +0 club; a goblin skeleton
There is a stone staircase leading down here.
You fly downwards.
There is a stone staircase leading up here.
You fly upwards.
There is a stone staircase leading down here.
Things that are here:
a +0 club; a goblin skeleton
There is a broken altar of Ashenzari here.
There is a stone staircase leading down here.
You fly downwards.
The orc wizard shouts!
The orc shouts!
You hear a shout! x2
Found a thin smoking staff and 8 stones.
There is a stone staircase leading up here.
An orc comes into view. It is wielding a +0 dagger.
An orc comes into view. It is wielding a +0 short sword.
The orc shouts!
The orc wizard hits you with a +0 dagger.
You fly upwards.
There is a stone staircase leading down here.
You take 3 damage, and have 38/41 hp.
You hit the orc wizard.
The orc wizard is lightly wounded.
The orc wizard casts a spell.
The orc wizard flickers and vanishes!
Deactivating autopickup; reactivate with Ctrl-A.
No target in view!
No target in view!
No target in view!
You barely miss something. Something hits you.
You take 1 damage, and have 37/41 hp.
You barely miss something.
You hear some strange, mumbled words.
A puff of flame appears from out of thin air!
The puff of flame hits you!
You take 10 damage, and have 27/41 hp.
MASSIVE DAMAGE!!
You completely miss something. Something hits you but does no damage.
You hit something but do no damage. Something hits you.
You take 3 damage, and have 24/41 hp.
You miss something. Something hits you.
You take 1 damage, and have 23/41 hp.
You barely miss something. Something completely misses you.
You barely miss something. Something hits you.
Something hits you but does no damage.
You take 1 damage, and have 22/41 hp.
You hit something but do no damage. Something hits you.
You take 1 damage, and have 21/41 hp.
You miss something.
You hear some strange, mumbled words.
A magic dart appears from out of thin air!
The magic dart hits you.
You take 6 damage, and have 15/41 hp.
You closely miss something. Something hits you.
* * * LOW HITPOINT WARNING * * *
You take 3 damage, and have 12/41 hp.
You closely miss something. Something hits you.
* * * LOW HITPOINT WARNING * * *
You take 2 damage, and have 10/41 hp.
You closely miss something. Something hits you.
* * * LOW HITPOINT WARNING * * *
You miss something. Something hits you but does no damage.
You miss something. Something hits you.
* * * LOW HITPOINT WARNING * * *
You take 4 damage, and have 6/41 hp.
It was a potion of enlightenment.
You feel more buoyant. Something hits you.
* * * LOW HITPOINT WARNING * * *
You take 4 damage, and have 2/41 hp.
It was a potion of might.
You feel very mighty all of a sudden. Something hits you.
* * * LOW HITPOINT WARNING * * *
Okay, then.
You hear some strange, mumbled words.
A puff of flame appears from out of thin air!
The puff of flame hits you.
You die...

######..#.### #......#
##.##..
#.#..#######......###..##._
#.#.###.[.##......#...###..
#.#..##...##........### #..
#.##.##...####'###### #..
#.##[.#...# ##.### ##'
#.###.....###....# #.
#.#####...#......# #< ###
#.......{>@.#....# ## ..#
#....############# ..#
#.......# ..#####.......#
..'..)..#####.# ..#########
#.# ..# #.....# #.#
#.###.....###.#
#...†.....'†..#


There were no monsters in sight!

Vanquished Creatures
  An ogre (D:3)
  8 adders
  A dart slug (D:1)
  A ribbon worm (D:3)
  2 bats
  2 endoplasms (D:1)
  3 giant cockroaches
  8 goblins
  8 hobgoblins
  5 quokkas
  6 ball pythons
  A frilled lizard (D:1)
  9 kobolds
  5 rats
60 creatures vanquished.

Notes
Turn   | Place    | Note
-------+----------+-------------------------------------------
     0 | D:1      | backslashecho the Merfolk Warper began the quest for the
                  | Orb.
     0 | D:1      | Reached XP level 1. HP: 16/16 MP: 3/3
   126 | D:1      | Reached skill level 1 in Armour
   133 | D:1      | Reached XP level 2. HP: 22/22 MP: 5/5
   149 | D:1      | Reached skill level 3 in Long Blades
   342 | D:1      | Found Hiaqulat's Magic Scroll Shoppe.
   469 | D:1      | Reached XP level 3. HP: 25/28 MP: 6/6
   647 | D:1      | Found a faded altar of an unknown god.
  1246 | D:2      | Noticed Sigmund
  1484 | D:2      | Reached XP level 4. HP: 19/34 MP: 7/7
  1552 | D:2      | Noticed Robin
  1568 | D:3      | Reached skill level 4 in Long Blades
  1700 | D:3      | Noticed an ogre
  1736 | D:3      | Killed an ogre
  1737 | D:3      | Reached XP level 5. HP: 13/41 MP: 8/8
  1956 | D:3      | Found a broken altar of Ashenzari.
  2009 | D:3      | Found an ancient bone altar of Kikubaaqudgha.
  2152 | D:3      | Reached skill level 5 in Long Blades
  2262 | D:3      | Found an opulent altar of Gozag.
  2561 | D:3      | HP: 2/41 [something (4)]
  2563 | D:3      | Killed from afar by an orc wizard

Illustrated notes

Levels and vault maps discovered:
D:1:      beargit_arrival_diablo_church, layout_basic, serial_forest,
          infiniplex_forest_end_double, infiniplex_forest_straight_1,
          infiniplex_forest_end_3, infiniplex_forest_end_double,
          infiniplex_forest_corner_2, infiniplex_forest_3_way,
          infiniplex_forest_clump_tiny, serial_shops, shop,
          shapermc_ecumenical_altar_ellora, due_unseen_surprise
D:2:      layout_basic, uniq_sigmund, uniq_robin
D:3:      layout_basic, nicolae_gozag_seed_capital, ashenzari_altar_1,
          lemuel_round_altar, minmay_hedge_maze
D:4:      layout_basic, nicolae_overflow_two_pavilions,
          minmay_temple_entry_purple_smoke, serial_glass, glass_columns_a,
          glass_columns_a, glass_columns_a, glass_columns_b, glass_columns_c,
          glass_columns_a, uniq_edmund

Skill      XL: |  1  2  3  4  5 |
---------------+----------------+-----
Armour         | 1 |  1.0
Long Blades    | 3 4 5 |  5.3
Dodging        | 3 4 |  4.4
Fighting       | 3 |  3.6
Throwing       | |  1.0
Spellcasting   | |  2.0
Translocations | |  2.4

Action                     |  1- 3 |  4- 6 || total
---------------------------+-------+-------++-------
  Melee: Falchion          |   117 |   118 ||   235
  Throw: Dart              |       |     2 ||     2
    Use: Potion            |       |     4 ||     4
   Stab: Sleeping          |       |     1 ||     1
 Armour: Leather armour    |    72 |    68 ||   140
  Dodge: Dodged            |    78 |    64 ||   142

Table legend: (Time is in decaauts)
 A = Elapsed time spent in this place.
 B = Non-inter-level travel time spent in this place.
 C = Inter-level travel time spent in this place.
 D = Time resting spent in this place.
 E = Time spent auto-exploring this place.
 F = Levels seen in this place.
 G = Mean time per level.
                   A        B        C        D        E       F      G
               +--------+--------+--------+--------+--------+-----+--------+
         Total |   2590 |   2422 |    168 |     90 |   1429 |   4 |  647.5 |
       Dungeon |   2590 |   2422 |    168 |     90 |   1429 |   4 |  647.5 |
               +--------+--------+--------+--------+--------+-----+--------+

Top non-repeatable levels by time:
     D:1: 965 daAuts
     D:3: 959 daAuts
     D:2: 659 daAuts
     D:4: 5 daAuts
